Map: Winter Madness LE

Players

SCIInewby

  • Race: Protoss Protoss
  • League: Master
  • Spawn Location: 11:00

Kess - Winner!

  • Race: Zerg Zerg
  • League: Master
  • Spawn Location: 5:00

VOD

Have the link to the VOD?

Description

Time

  • Played on: Feb. 8, 2026, 2:06 p.m.
  • Length: 4:35
Show
View Real Time Build Order
Export as new Build Order

SCIInewby Protoss 

Build Orders:  

Get SALT Encoding   

  12  0:00  Probe  
  13  0:14  Probe  
  14  0:21  Pylon  
  14  0:27  Probe  
  15  0:41  Probe, Gateway  
  16  0:55  Probe  
  17  0:59  Pylon  
  17  1:07  Probe  
  18  1:20  Probe  
  18  1:23  Pylon  
  19  1:28  Probe  
  19  1:32  Zealot, Cybernetics Core  
  19  1:34  Assimilator  
  19  1:36  Probe  
  21  1:46  Probe  
  22  1:50  Forge  
  23  1:58  Probe  
  24  2:07  Zealot, Assimilator  
  26  2:13  Pylon  
  26  2:18  Probe  
  27  2:30  Probe  
  27  2:36  Zealot  
  30  2:41  Gateway  
  28  2:44  Warp Gate  
  28  3:03  Zealot  
  28  3:09  Photon Cannon  
  28  3:28  Photon Cannon  
  28  3:29  Zealot  
  30  3:36  Zealot  
  27  4:01  Shield Battery  
  27  4:03  Zealot  
  26  4:28  Pylon  
Show
View Real Time Build Order
Export as new Build Order

Kess Zerg - Winner!

Build Orders: 3 Hatch before Pool 

Get SALT Encoding   

  12  0:09  Drone x2  
  14  0:46  Hatchery  
  13  0:55  Hatchery  
  12  1:16  Spawning Pool  
  11  1:40  Drone x3  
  11  1:41  Extractor  
  13  1:48  Extractor  
  12  2:03  Zergling x2  
  12  2:06  Zergling x2  
  14  2:09  Zergling x2  
  14  2:12  Zergling x2  
  16  2:17  Zergling x2  
  16  2:18  Queen  
  19  2:28  Drone x2  
  20  2:41  Zergling x4  
  21  2:53  Zergling x2  
  21  2:54  Zergling x2  
  21  2:55  Zergling x2  
  23  3:08  Drone  
  23  3:10  Drone  
  25  3:19  Overlord  
  24  4:11  Zergling x6  
  24  4:13  Zergling x12  
  24  4:15  Drone  
Tags
 
Add a new tag
Caveats
  • Supply blocks, unpowered buildings, or Contaminate may cause inaccurate times.
  • Supply counts are checked every 10 seconds.